 Dungeon Crawl Stone Soup version 0.25.1-2-g60ff931df9 (webtiles) character file.

Game seed: 2260263238917650940

1010 hawla the Covered (level 8, 0/68 HPs)
             Began as a Minotaur Fighter on Oct 22, 2020.
             Slain by an orc warrior
             ... wielding a +0 glaive
              (17 damage)
             ... on level 6 of the Dungeon.
             The game lasted 00:12:27 (5101 turns).

hawla the Covered (Minotaur Fighter)                Turns: 5101, Time: 00:12:27

Health: 0/68       AC: 10    Str: 22    XL:     8   Next: 1%
Magic:  7/7        EV: 13    Int:  5    God:
Gold:   232        SH:  0    Dex: 11    Spells: 7/7 levels left

rFire    + + .     SeeInvis .   s - +1 rapier (curse)
rCold    . . .     Gourm    .   (no shield)
rNeg     . . .     Faith    .   x - +0 chain mail
rPois    .         Spirit   .   (helmet restricted)
rElec    .         Reflect  .   e - scarf {repulsion}
rCorr    .         Harm     .   (no gloves)
MR       .....                  (no boots)
Stlth    ..........             (no amulet)
HPRegen  0.21/turn              r - +4 ring of evasion
MPRegen  0.10/turn              k - ring of attention (curse)

@: mighty, very slightly contaminated, invisible, repel missiles
A: retaliatory headbutt, horns 2, fire resistance 2
a: no special abilities


You were on level 6 of the Dungeon.
You were hungry.

You visited 1 branch of the dungeon, and saw 6 of its levels.

You collected 232 gold pieces.

Inventory:

Hand Weapons
 a - a +0 long sword
 h - a +2 dagger of speed
 s - a cursed +1 rapier (weapon)
 u - the cursed +0 quarterstaff of Vengeance {venom, rElec Dex+3, unknown}
   (You found it on level 5 of the Dungeon)

   It poisons the flesh of those it strikes.
   It affects your dexterity (+3).
   It insulates you from electricity.
   It has a curse placed upon it.
 y - a +0 rapier of venom
Missiles
 m - 53 poisoned darts (quivered)
 t - 2 javelins
Armour
 b - a +1 scale mail
 c - a +0 leather armour
 e - a scarf of repulsion (worn)
 q - a +0 ring mail
 x - a +0 chain mail (worn)
Jewellery
 g - an uncursed ring of resist corrosion
 k - a cursed ring of attention (right hand)
 r - a +4 ring of evasion (left hand)
 w - the ring of Tuchuapt {rC+ MP+9 Stlth-}
   (You found it on level 5 of the Dungeon)

   [ring of attention]

   It protects you from cold.
   It affects your magic capacity (+9).
   It makes you less stealthy.
Scrolls
 l - a scroll of teleportation
 o - a scroll of enchant armour
Potions
 d - 2 potions of might
 i - a potion of flight
 j - a potion of stabbing
 n - a potion of curing
 p - a potion of magic
Comestibles
 f - 7 rations


   Skills:
 + Level 5.3 Fighting
 + Level 2.1(3.8) Short Blades
 + Level 5.4(5.7) Long Blades
 + Level 1.1 Throwing
 + Level 6.3 Armour
 * Level 3.9 Dodging
 * Level 3.4 Stealth
   Level 3.6 Shields


You had 7 spell levels left.
You didn't know any spells.
Your spell library was empty.

Dungeon Overview and Level Annotations

Branches:
Dungeon (6/15)
 Temple: D:4-7

Altars:
Cheibriados
Dithmenos
Kikubaaqudgha
Nemelex Xobeh
Qazlal
Wu Jian
Zin


Innate Abilities, Weirdness & Mutations

You reflexively headbutt those who attack you in melee.
You have a pair of horns on your head.
Your flesh is very heat resistant. (rF++)


Message History

The orc warrior misses you.
You feel better. The jelly closely misses you.
You puncture the jelly!
You kill the jelly!
You have reached level 8!
You feel agile. The orc warrior misses you.
You closely miss the orc warrior. You headbutt the orc warrior.
The orc warrior is moderately wounded.
You barely miss the orc warrior.
The orc warrior is moderately wounded.
The orc warrior hits you with a +0 glaive!
* * * LOW HITPOINT WARNING * * *
You hit the orc warrior. Your headbutt misses the orc warrior.
The orc warrior is moderately wounded.
The orc warrior closely misses you.
You hit the orc warrior. Your headbutt misses the orc warrior.
The orc warrior is heavily wounded.
The orc warrior hits you with a +0 glaive!
You die...

#......#....#..#.# #....#
#......#....##.#.###....## #
#......#....##............
#'#....).#....###.####......
.........#....###'####.##...
.........#...........#.##...
........o.oo##.......#.##...
###......##o##.......#.##...
#..#######@######.###.##.#'
#...........#...##..##.#....
#.. ............'...........
#. ........#...###..#.#....
........#...####.#.##...
........#...##..........
........#...##..........
.######.######.##..##...
#.#....#.##.>####.


You could see an orc warrior and 2 orcs.

Vanquished Creatures
  Eustachio (D:4)
  A sky beast (D:5)
  A centaur (D:6)
  A crimson imp (D:5)
  A centaur zombie (D:5)
  2 hounds
  2 bullfrog skeletons
  2 jellies
  4 orc wizards
  3 worker ants
  7 gnolls
  5 adders
  2 shadow imps (D:6)
  An ooze (D:3)
  3 worms
  2 dart slugs (D:1)
  2 leopard geckos
  6 orcs
  2 ball pythons
  8 bats
  5 giant cockroaches
  10 goblins
  5 hobgoblins
  9 jackals
  7 kobolds
  7 quokkas
  4 frilled lizards
  A leopard gecko skeleton (D:4)
  8 rats
112 creatures vanquished.

Notes
Turn   | Place    | Note
-------+----------+-------------------------------------------
     0 | D:1      | hawla the Minotaur Fighter began the quest for the Orb.
     0 | D:1      | Reached XP level 1. HP: 19/19 MP: 0/0
   246 | D:1      | Reached XP level 2. HP: 27/27 MP: 1/1
   593 | D:1      | Reached skill level 4 in Armour
   593 | D:1      | Reached skill level 1 in Dodging
   690 | D:1      | Reached XP level 3. HP: 33/33 MP: 2/2
   888 | D:2      | Reached skill level 1 in Stealth
   987 | D:2      | Found a snail-covered altar of Cheibriados.
  1061 | D:2      | Reached XP level 4. HP: 34/40 MP: 3/3
  1863 | D:3      | Gained mutation: Your flesh is heat resistant. (rF+)
                  | [potion of mutation]
  1863 | D:3      | Gained mutation: Your flesh is very heat resistant. (rF++)
                  | [potion of mutation]
  1867 | D:3      | Found an ancient bone altar of Kikubaaqudgha.
  2287 | D:3      | Reached XP level 5. HP: 41/47 MP: 4/4
  2715 | D:4      | Found a glowing silver altar of Zin.
  3285 | D:4      | Reached XP level 6. HP: 51/53 MP: 5/5
  3359 | D:4      | Noticed Eustachio
  3401 | D:4      | Killed Eustachio
  3401 | D:4      | Reached skill level 5 in Armour
  3723 | D:5      | Entered Level 5 of the Dungeon
  3740 | D:5      | Noticed a sky beast
  3749 | D:5      | Killed a sky beast
  3749 | D:5      | Reached skill level 5 in Fighting
  3749 | D:5      | Reached skill level 5 in Long Blades
  3749 | D:5      | Reached XP level 7. HP: 52/61 MP: 6/6
  3864 | D:5      | Reached skill level 1 in Throwing
  3896 | D:5      | Got a polished quarterstaff
  3955 | D:5      | Found a stormy altar of Qazlal.
  3963 | D:5      | Found an ornate altar of the Wu Jian Council.
  4102 | D:5      | Got a vibrating marble ring
  4124 | D:5      | Reached skill level 1 in Short Blades
  4154 | D:5      | Identified the ring of Tuchuapt {rC+ MP+9 Stlth-} (You
                  | found it on level 5 of the Dungeon)
  4354 | D:5      | Found a sparkling altar of Nemelex Xobeh.
  4438 | D:6      | Found a shadowy altar of Dithmenos.
  4687 | D:6      | Reached skill level 6 in Armour
  5097 | D:6      | Reached XP level 8. HP: 28/68 MP: 7/7
  5101 | D:6      | Slain by an orc warrior

Illustrated notes

Levels and vault maps discovered:
D:1:      dpeg_arrival_rhombi, layout_loops_ring, roderic_lattice_a
D:2:      wad_woods_tower, layout_basic, lemuel_round_altar
D:3:      layout_loops_ring, marbit_many_paths, kennysheep_generic_room_13
D:4:      layout_loops_ring, zin_academy, first_ration, uniq_eustachio
D:5:      layout_cave_pools, lemuel_doored_altar, nicolae_overflow_hidden_temple
D:6:      layout_basic, grunt_dithmenos_smoke, minmay_holes,
          minmay_manual_monstrance

Skill      XL: |  1  2  3  4  5  6  7 |
---------------+----------------------+-----
Fighting       | 4 5 |  5.3
Armour         | 4 5 6 |  6.3
Dodging        | 1 2 3 |  3.9
Stealth        | 1 2 3 |  3.4
Long Blades    | 3 4 5 |  5.4
Throwing       | 1 |  1.1
Short Blades   | 2 |  2.1
Shields        | |  3.6

Action                   |  1- 3 |  4- 6 |  7- 9 || total
-------------------------+-------+-------+-------++-------
Melee: Long sword        |    61 |   133 |       ||   194
       Headbutt          |    11 |    26 |    27 ||    64
       Rapier            |       |     7 |    94 ||   101
Throw: Dart              |       |     7 |       ||     7
       Javelin           |       |     2 |       ||     2
  Use: Scroll            |     5 |     8 |     1 ||    14
       Potion            |       |     1 |     5 ||     6
  Eat: Chunk             |       |     9 |     4 ||    13
Armor: Scale mail        |    27 |    79 |     9 ||   115
       Chain mail        |       |       |    20 ||    20
Dodge: Dodged            |    43 |    88 |    77 ||   208
       Repelled          |       |       |     1 ||     1
       Rpst.: Long sword |    18 |    25 |       ||    43
